 Dungeon Crawl Stone Soup version 0.24.0-123-gd5b16e6ec5 (webtiles) character file.

Game seed: 3108671050286249566, levelgen mode: deterministic

1044 ReteAZ the Chopper (level 8, -7/50 HPs)
             Began as a Gargoyle Gladiator on Jan 3, 2020.
             Was a Follower of Okawaru.
             Mangled by Prince Ribbit (10 damage)
             ... on level 6 of the Dungeon.
             The game lasted 00:07:23 (3598 turns).

ReteAZ the Chopper (Gargoyle Gladiator)             Turns: 3598, Time: 00:07:24

Health: -7/50      AC: 16    Str: 19      XL:     8   Next: 25%
Magic:  8/8        EV: 10    Int:  8 (10) God:    Okawaru [*.....]
Gold:   166        SH:  0    Dex: 10 (11) Spells: 7/7 levels left

rFire    . . .     SeeInvis .   u - +0 hand axe (chop)
rCold    + . .     Gourm    .   (no shield)
rNeg     + . .     Faith    .   o - +0 scale mail {rC+}
rPois    ∞         Spirit   .   c - +0 helmet
rElec    +         Reflect  .   (no cloak)
rCorr    .         Harm     .   (no gloves)
MR       .....                  (no boots)
Stlth    ..........             (no amulet)
HPRegen  0.16/turn              g - +2 ring of protection
MPRegen  0.11/turn              (no ring)

@: no status effects
A: negative energy resistance 1, electricity resistance, unbreathing,
petrification resistance, rot immunity, AC +5
a: Heroism, Renounce Religion


You were on level 6 of the Dungeon.
You worshipped Okawaru.
Okawaru was aware of your devotion.
You were hungry.

You visited 2 branches of the dungeon, and saw 7 of its levels.

You collected 266 gold pieces.
You spent 100 gold pieces at shops.

Inventory:

Hand Weapons
 a - a +0 war axe
 u - a +0 hand axe of chopping (weapon)
Missiles
 d - 5 throwing nets
 h - 14 javelins (quivered)
Armour
 b - a +0 leather armour
 c - a +0 helmet (worn)
 o - a +0 scale mail of cold resistance (worn)
Jewellery
 g - a +2 ring of protection (left hand)
Scrolls
 e - 4 scrolls of identify {unknown}
 k - 2 scrolls of enchant weapon {unknown}
 l - 2 scrolls of teleportation {unknown}
 m - a scroll of blinking {unknown}
 p - 2 scrolls of magic mapping {unknown}
 q - 2 scrolls of fear {unknown}
 r - 2 scrolls of remove curse {unknown}
 t - a scroll of noise {unknown}
Potions
 j - a potion of flight
Comestibles
 f - 6 rations
 i - a chunk of flesh


   Skills:
 + Level 5.4 Fighting
 * Level 6.7 Axes
 - Level 1.7 Throwing
 + Level 4.8 Armour
 - Level 2.4 Dodging


You had 7 spell levels left.
You didn't know any spells.
Your spell library was empty.

Dungeon Overview and Level Annotations

Branches:
Dungeon (6/15)             Temple (1/1) D:4

Altars:
Cheibriados
Dithmenos
Elyvilon
Fedhas
Gozag
Hepliaklqana
Kikubaaqudgha
Makhleb
Nemelex Xobeh
Okawaru
Qazlal
Ru
Sif Muna
Trog
Uskayaw
Vehumet
Wu Jian
Xom
Yredelemnul
Zin
The Shining One

Shops:
D:5 =

Annotations:
D:6 Prince Ribbit


Innate Abilities, Weirdness & Mutations

You are resistant to torment.
Your stone body is resilient. (AC +5)
You are immune to poison.
You resist negative energy. (rN+)
You are resistant to electric shocks. (rElec)
You can survive without breathing.
You are immune to petrification.
You are immune to rotting.


Message History

Prince Ribbit is lightly wounded.
You hit the orc.
You kill the orc!
Okawaru accepts your kill. Prince Ribbit hits you!
* * * LOW HITPOINT WARNING * * *
Prince Ribbit hits you!
* * * LOW HITPOINT WARNING * * *
You slash Prince Ribbit!
Prince Ribbit is heavily wounded.
Prince Ribbit hits you.
* * * LOW HITPOINT WARNING * * *
Unknown command.
Things that are here:
a cursed +6 mace of freezing; a +0 robe Prince Ribbit hits you but does no damage.
As you read the scroll labeled MOUDOU JIME, it crumbles to dust.
You experience a momentary feeling of inescapable doom!
It was a scroll of random uselessness.
Prince Ribbit hits you!
You die...

..<...# ###....#
####......# #....##.<.#
####### ####.#########
.?..... ##....# .......
#..######### .......
#..........#######.......
##########.@F))..........
#####)..........
#........... #...........
#...........
.............
##.$...####### #..#####
#..


You could see Prince Ribbit.

Vanquished Creatures
  A sky beast (D:6)
  A centaur (D:5)
  Blork the orc (D:5)
  A scorpion (D:3)
  4 wights (D:6)
  A howler monkey (D:6)
  A crimson imp (D:5)
  2 hounds
  2 bullfrog skeletons
  An iguana (D:4)
  An orc wizard (D:6)
  4 worker ants
  7 gnolls
  A howler monkey skeleton (D:4)
  6 adders
  An ooze (D:4)
  3 worms
  A dart slug (D:1)
  7 leopard geckos
  14 orcs
  4 ball pythons
  5 giant cockroaches
  7 goblins
  8 hobgoblins
  2 jackals (D:1)
  3 quokkas
  6 bats
  5 frilled lizards
  8 kobolds
  6 rats
114 creatures vanquished.

Notes
Turn   | Place    | Note
-------+----------+-------------------------------------------
     0 | D:1      | ReteAZ the Gargoyle Gladiator began the quest for the Orb.
     0 | D:1      | Reached XP level 1. HP: 12/12 MP: 1/1
    94 | D:1      | Reached XP level 2. HP: 18/18 MP: 2/2
   103 | D:1      | Reached skill level 3 in Axes
   236 | D:1      | Reached skill level 1 in Armour
   424 | D:1      | Reached XP level 3. HP: 22/22 MP: 3/3
  1079 | D:3      | Reached XP level 4. HP: 27/27 MP: 4/4
  1623 | D:3      | Reached skill level 4 in Axes
  1623 | D:3      | Reached XP level 5. HP: 26/32 MP: 5/5
  1953 | D:4      | Reached XP level 6. HP: 23/38 MP: 6/6
  2307 | D:4      | Reached skill level 5 in Axes
  2314 | D:4      | Found a staircase to the Ecumenical Temple.
  2321 | Temple   | Entered the Ecumenical Temple
  2366 | Temple   | Became a worshipper of Warmaster Okawaru
  2764 | D:5      | Entered Level 5 of the Dungeon
  3100 | D:5      | Reached XP level 7. HP: 39/44 MP: 7/7
  3147 | D:5      | Found Rutim's Jewellery Emporium.
  3152 | D:5      | Bought a +2 ring of protection for 100 gold pieces
  3248 | D:5      | Noticed Blork the orc
  3259 | D:5      | Killed Blork the orc
  3399 | D:5      | Reached skill level 6 in Axes
  3510 | D:6      | Reached * piety under Okawaru
  3510 | D:6      | Reached skill level 5 in Fighting
  3510 | D:6      | Noticed Prince Ribbit
  3526 | D:6      | Reached XP level 8. HP: 42/49 MP: 8/8
  3595 | D:6      | HP: 2/50 [Prince Ribbit (5)]
  3598 | D:6      | Mangled by Prince Ribbit

Levels and vault maps discovered:
D:1:      dpeg_arrival_arbitrary_c, layout_basic, kennysheep_doodads
D:2:      layout_rooms, first_ration, chequers_serial_rivers_marsh,
          chequers_mini_garden, st_stairs_10
D:3:      layout_basic
D:4:      layout_basic, minmay_temple_entry_statues_fountains
D:5:      layout_basic, serial_shops, shop, minivault_14, uniq_blork_the_orc
D:6:      layout_rooms, nicolae_ossuary_entry_plus, uniq_prince_ribbit1
Temple:   nicolae_temple_the_god_donut

Skill      XL: |  1  2  3  4  5  6  7 |
---------------+----------------------+-----
Axes           | 3 4 5 6 |  6.7
Armour         | 1 2 3 4 |  4.8
Fighting       | 3 4 5 |  5.4
Throwing       | |  1.7
Dodging        | |  2.4

Action                   |  1- 3 |  4- 6 |  7- 9 || total
-------------------------+-------+-------+-------++-------
Melee: War axe           |   123 |   106 |       ||   229
       Hand axe          |       |   136 |   161 ||   297
Throw: Javelin           |     4 |     2 |       ||     6
Invok: Heroism           |       |       |     1 ||     1
  Use: Potion            |       |       |     6 ||     6
       Scroll            |       |       |     1 ||     1
  Eat: Chunk             |     1 |     7 |     1 ||     9
Armor: Leather armour    |    57 |       |       ||    57
       Scale mail        |     9 |   133 |    85 ||   227
Dodge: Dodged            |    96 |   142 |    66 ||   304
